 Dungeon Crawl Stone Soup version 0.24-a0-525-g9231cdcba1 (webtiles) character file.

Game seed: 14226168126176128398

72 BinkBink the Conjurer (level 4, 0/27 HPs)
             Began as an Octopode Conjurer on Aug 3, 2019.
             Was a Plaything of Xom.
             Succumbed to an adder's poison
             ... on level 2 of the Dungeon.
             The game lasted 00:06:45 (2535 turns).

BinkBink the Conjurer (Octopode Conjurer)           Turns: 2535, Time: 00:06:45

Health: 0/27       AC:  1    Str:  7    XL:     4   Next: 25%
Magic:  2/7        EV: 13    Int: 18    God:    Xom [..*...]
Gold:   133        SH:  0    Dex: 12    Spells: 7/8 levels left

rFire    . . .     SeeInvis .   (no weapon)
rCold    . . .     Gourm    .   (no shield)
rNeg     . . .     Faith    +   (helmet restricted)
rPois    .         Spirit   .   i - amulet of faith
rElec    .         Reflect  .   (no ring)
rCorr    .         Harm     .   (no ring)
MR       .....                  (no ring)
Stlth    +++.......             (no ring)
HPRegen  0.09/turn              (no ring)
MPRegen  0.10/turn              (no ring)
                                (no ring)
                                (no ring)

@: lethally poisoned (0 -> -8)
A: almost no armour, stealthy swim, amphibious, 8 rings, constrict 8, camouflage
1, gelatinous body 1
a: Renounce Religion


You were on level 2 of the Dungeon.
You worshipped Xom.
You were a toy of Xom.
You were not hungry.

You visited 1 branch of the dungeon, and saw 2 of its levels.

You collected 133 gold pieces.

Inventory:

Armour
 e - a scarf of cloud immunity
Jewellery
 i - an amulet of faith (around mantle)
Scrolls
 a - 3 scrolls of remove curse {unknown}
 c - 2 scrolls of identify {unknown}
 f - a scroll of blinking {unknown}
 g - a scroll of immolation {unknown}
 h - 2 scrolls of amnesia {unknown}
 j - 3 scrolls of fog {unknown}
 l - a scroll of enchant armour {unknown}
Comestibles
 b - 4 rations


   Skills:
 + Level 2.2 Dodging
 + Level 3.0 Stealth
 + Level 2.6 Spellcasting
 + Level 5.0 Conjurations


You had 7 spell levels left.
You knew the following spells:

 Your Spells              Type           Power        Failure   Level  Hunger
a - Magic Dart            Conj           ###.         1%          1    #......

Your spell library contained the following spells:

 Spells                   Type           Power        Failure   Level  Hunger
 Searing Ray              Conj           ###...       3%          2    ##.....
 Dazzling Spray           Conj/Hex       ##....       19%         3    ###....
 Iskenderun's Mystic Bla  Conj           ###.....     21%         4    #####..
 Force Lance              Conj/Tloc      ##......     52%         4    #####..
 Fulminant Prism          Conj/Hex       ##........   52%         4    #####..


Dungeon Overview and Level Annotations

Branches:
Dungeon (2/15)

Altars:
Hepliaklqana
Nemelex Xobeh
Xom


Innate Abilities, Weirdness & Mutations

You cannot wear most types of armour.
You are very stealthy in the water. (Stealth+)
You are amphibious.
You can wear up to eight rings at the same time.
You can use your tentacles to constrict eight enemies at once.
Your skin changes colour to match your surroundings (Stealth+).
Your rubbery body absorbs attacks. (AC +1, EV +1)


Message History

You feel sick.
You feel sick. The adder completely misses you.
There is a stone staircase leading down here.
You feel sick.
You feel sick.
You feel sick. The adder closely misses you.
You feel sick.
You feel sick. The adder barely misses you.
There is a stone staircase leading down here.
You feel sick. The adder bites you.
* * * LOW HITPOINT WARNING * * *
You are more poisoned.
The adder poisons you!
* * * LOW HITPOINT WARNING * * *
You feel sick.
Your magical contamination has completely faded away.
You die...
Xom giggles madly!

#.............#
#.............#
#.............#
#####..)..........#
#####
####.................#
###....
w..#....#.......#....#
#...##.
##.#.............(...#
#.#####
#.>##.#.........#####
#..# ##
##........>..S.@###
##.# #.
####.......).....###
#.# #.
#...........#...###
###.###.
#.######...####...#
#.....). #
#.###.###########.#
#.#.#### #
#.##Z#X##.'(.#
#.###.#.# #
#.#.#####.#..#
#..##.#.### ##
#.##X#_...##.#
##....#...#
.#####.####...##..#
#..###...#


You could see an adder.

Vanquished Creatures
  2 adders (D:2)
  2 worms (D:2)
  A dart slug (D:1)
  A leopard gecko (D:1)
  4 bats (D:2)
  3 giant cockroaches (D:1)
  5 goblins
  7 hobgoblins
  4 jackals
  3 kobolds (D:2)
  2 quokkas (D:2)
  3 frilled lizards
  4 rats
41 creatures vanquished.

Notes
Turn   | Place    | Note
-------+----------+-------------------------------------------
     0 | D:1      | BinkBink the Octopode Conjurer began the quest for the Orb.
     0 | D:1      | Reached XP level 1. HP: 11/11 MP: 3/3
   362 | D:1      | Reached XP level 2. HP: 17/17 MP: 1/5
  1015 | D:2      | Reached XP level 3. HP: 21/21 MP: 1/6
  2036 | D:2      | Reached XP level 4. HP: 27/27 MP: 5/7
  2152 | D:2      | Reached skill level 5 in Conjurations
  2193 | D:2      | Found a sparkling altar of Nemelex Xobeh.
  2235 | D:2      | Found a hazy altar of Hepliaklqana.
  2236 | D:2      | Found a shimmering altar of Xom.
  2236 | D:2      | Noticed a tentacled monstrosity
  2239 | D:2      | Noticed a spectral ugly thing
  2239 | D:2      | Noticed a tentacled monstrosity
  2301 | D:2      | Became a worshipper of Xom of Chaos
  2534 | D:2      | HP: 1/27 [poisoned by an adder]
  2535 | D:2      | Succumbed to an adder's poison

Levels and vault maps discovered:
D:1:      saegor_arrival_simple_c, layout_basic
D:2:      layout_rooms, grunt_temple_overflow_opulence,
          regret_index_temple_of_mockery, first_ration

Skill      XL: |  1  2  3  4 |
---------------+-------------+-----
Stealth        | 3 |  3.0
Conjurations   | 5 |  5.0
Dodging        | |  2.2
Spellcasting   | |  2.6

Action                   |  1- 3 |  4- 6 || total
-------------------------+-------+-------++-------
 Cast: Magic Dart        |    80 |    38 ||   118
  Use: Potion            |       |     2 ||     2
  Eat: Chunk             |     1 |     1 ||     2
       Ration            |     1 |       ||     1
Armor: Skin              |     4 |       ||     4
Dodge: Dodged            |    35 |     4 ||    39

Table legend:
 A = Non-vault XP
 B = Vault XP
 C = Vault XP percentage of total XP
 D = Non-vault monster count
 E = Vault monster count
 F = Vault count percentage of total count
                 A         B        C        D         E       F
            +---------+---------+-------+---------+---------+-------
      Total |     103 |       0 |   0.0 |      41 |       0 |   0.0
            +---------+---------+-------+---------+---------+-------
        D:1 |      31 |       0 |   0.0 |      16 |       0 |   0.0
        D:2 |      72 |       0 |   0.0 |      25 |       0 |   0.0
            +---------+---------+-------+---------+---------+-------
